 Dungeon Crawl Stone Soup version 0.29-a0-892-g2c4c91d9db (webtiles) character file.

Game seed: 15420815218478230509

36 gobodom the Gusty (level 3, -2/24 HPs)
             Began as a Demonspawn Air Elementalist on July 22, 2022.
             Slain by Robin
             ... wielding a +0 spear
              (6 damage)
             ... on level 2 of the Dungeon.
             The game lasted 00:02:48 (1475 turns).

gobodom the Gusty (Demonspawn Air Elementalist)     Turns: 1475, Time: 00:02:49

Health: -2/24      AC:  2    Str:  8    XL:     3   Next: 19%
Magic:  3/6        EV: 12    Int: 18    God:
Gold:   46         SH:  0    Dex: 13    Spells: 5/6 levels left

rFire   . . .      SeeInvis .   g - +0 dagger (freeze)
rCold   . . .      Faith    .   (no shield)
rNeg    . . .      Spirit   .   a - +0 robe
rPois   .          Reflect  .   (no helmet)
rElec   .          Harm     .   (no cloak)
rCorr   .          Rampage  .   (no gloves)
Will    .....                   (no boots)
Stlth   ++........              (no amulet)
HPRegen 0.08/turn               (no ring)
MPRegen 0.10/turn               (no ring)

@: no status effects
A: claws 1
a: no special abilities


You were on level 2 of the Dungeon.
You visited 1 branch of the dungeon, and saw 2 of its levels.

You collected 46 gold pieces.

Inventory:

Hand Weapons
 g - a +0 dagger of freezing (weapon)
Armour
 a - a +0 robe (worn)
Scrolls
 c - 2 scrolls of identify {unknown}
 e - a scroll of teleportation {unknown}
Potions
 d - 3 potions of mutation {unknown}
 f - a potion of haste {unknown}
 h - a potion of brilliance {unknown}


   Skills:
 + Level 2.1 Dodging
 + Level 1.7 Stealth
 + Level 0.2 Unarmed Combat
 + Level 2.4 Spellcasting
 + Level 1.7 Conjurations
 + Level 3.0 Air Magic


You had 5 spell levels left.
You knew the following spells:

 Your Spells              Type           Power      Damage    Failure   Level
a - Shock                 Conj/Air       40%        1d5       6%          1

Your spell library contained the following spells:

 Spells                   Type           Power      Damage    Failure   Level
 Static Discharge         Conj/Air       10%        3-5/arc   10%         2
 Swiftness                Air            13%        N/A       16%         3
 Airstrike                Air            6%         0-3+      45%         4
 Anguish                  Hex/Necr       1%         N/A       86%         4
 Enfeeble                 Hex            1%         N/A       100%        7


Dungeon Overview and Level Annotations

Branches:
Dungeon (2/15)

Altars:

Annotations:
D:2 Robin


Innate Abilities, Weirdness & Mutations

You have sharp fingernails.


Message History

A goblin comes into view. It is wielding a +0 dagger.
A goblin comes into view. It is wielding a +0 club.
The zap hits the giant cockroach.
You kill the giant cockroach!
The zap hits Robin.
Robin is moderately wounded.
The zap hits the hobgoblin.
The hobgoblin is severely wounded.
The goblin shouts!
The goblin hits you with a +0 dagger.
Robin hits you from afar with a +0 spear.
You are too injured to fight recklessly!
Casting: Shock (safe; 7% risk of failure)
Confirm with . or Enter, or press ? or * to list all spells.
Aiming: Shock (safe; 7% risk of failure)
Press: ? - help, Shift-Dir - straight line, f - goblin
Aim: a goblin, wielding a +0 dagger (strong, 60% to hit)
The zap hits Robin.
Robin is heavily wounded.
The zap hits the hobgoblin.
You kill the hobgoblin!
The zap hits the goblin.
You kill the goblin!
Robin throws the goblin at you!
* * * LOW HITPOINT WARNING * * *
The goblin hits you with a +0 dagger.
* * * LOW HITPOINT WARNING * * *
A hobgoblin comes into view.
Casting: Shock (safe; 6% risk of failure)
Confirm with . or Enter, or press ? or * to list all spells.
Aiming: Shock (safe; 6% risk of failure)
Press: ? - help, Shift-Dir - straight line, f - hobgoblin
Aim: a hobgoblin (wandering, strong, hasn't noticed you, 68% to hit)
The zap hits Robin.
Robin is severely wounded.
The zap misses the goblin.
The zap hits the hobgoblin.
You kill the hobgoblin!
The goblin completely misses you.
Robin hits you from afar with a +0 spear.
You die...

..∩.......#
..........#
..........#
.....♣..∩##
.........#
.........##
.....∩..8.#
......g...#
.......@).#
.....8.†∩##
####.##g##
#. .). .
).g# ..†..
..#)# ...)#


You could see Robin and 2 goblins.

Vanquished Creatures
  A dart slug (D:1)
  2 endoplasms (D:1)
  2 giant cockroaches (D:2)
  5 goblins (D:2)
  6 hobgoblins
  A quokka (D:1)
  5 ball pythons (D:1)
  2 bats (D:1)
  4 frilled lizards
  4 kobolds (D:1)
  A rat (D:1)
33 creatures vanquished.

Notes
Turn   | Place    | Note
-------+----------+-------------------------------------------
     0 | D:1      | gobodom the Demonspawn Air Elementalist began the quest for
                  | the Orb.
     0 | D:1      | Reached XP level 1. HP: 13/13 MP: 3/3
   427 | D:1      | Gained mutation: You have sharp fingernails. [demonic
                  | ancestry]
   427 | D:1      | Reached XP level 2. HP: 19/19 MP: 0/5
   891 | D:1      | Reached skill level 3 in Air Magic
  1443 | D:2      | Found a faded altar of an unknown god.
  1464 | D:2      | Noticed Robin
  1467 | D:2      | Reached XP level 3. HP: 20/24 MP: 0/6
  1475 | D:2      | Slain by Robin

Illustrated notes

Levels and vault maps discovered:
D:1:      nagdon_arrival_double_spiral, layout_basic, st_stairs_13,
          serial_park_tiny_1
D:2:      layout_loops_corners, hellmonk_ecumenical_altar_arch_garden,
          uniq_robin

Skill      XL: |  1  2 |
---------------+-------+-----
Dodging        | 2 |  2.1
Air Magic      | 3 |  3.0
Stealth        | |  1.7
Unarmed Combat | |  0.2
Spellcasting   | |  2.4
Conjurations   | |  1.7

Action                   || total
-------------------------++-------
Melee: Dagger            ||    14
       Unarmed           ||     5
 Cast: Shock             ||    49
  Use: Potion            ||     1
Armor: Robe              ||     7
Dodge: Dodged            ||    28

Table legend: (Time is in decaauts)
 A = Elapsed time spent in this place.
 B = Non-inter-level travel time spent in this place.
 C = Inter-level travel time spent in this place.
 D = Time resting spent in this place.
 E = Time spent auto-exploring this place.
 F = Levels seen in this place.
 G = Mean time per level.
                   A        B        C        D        E       F      G
               +--------+--------+--------+--------+--------+-----+--------+
         Total |   1473 |   1435 |     38 |      0 |   1280 |   2 |  736.5 |
       Dungeon |   1473 |   1435 |     38 |      0 |   1280 |   2 |  736.5 |
               +--------+--------+--------+--------+--------+-----+--------+

Top non-repeatable levels by time:
     D:1: 1357 daAuts
     D:2: 116 daAuts
